 Dungeon Crawl Stone Soup version 0.31-a0-1074-g0b22e4e0f1 (webtiles) character file.

Game seed: 14507067923708173390

497 BigPumpCobain the Scratcher (level 6, -1/28 HPs)
             Began as a Felid Shapeshifter on Dec 7, 2023.
             Slain by a wyvern zombie (2 damage)
             ... in an ossuary.
             The game lasted 00:05:46 (3171 turns).

BigPumpCobain the Scratcher (Felid Shapeshifter)    Turns: 3171, Time: 00:05:46

Health: -1/28      AC:  2    Str: 12    XL:     6   Next: 93%
Magic:  7/7        EV: 17    Int: 12    God:
Gold:   225        SH:  0    Dex: 15    Spells: 5/5 levels left
                                        Lives:  0   Deaths: 2

rFire   . .          .
                       - Unarmed
rCold   . . .        (shield unavailable)
rNeg    . . .        (body armour unavailable)
rPois   .            (helmet unavailable)
rElec   .            (cloak unavailable)
rCorr   .            (gloves unavailable)
SInv    +            (boots unavailable)
Will    .....        (no amulet)
Stlth   +            (no ring)
HPRegen 0.24/turn    (no ring)
MPRegen 0.10/turn

%: no passive effects
@: beast-form, quick
A: beast (slay +2), very small, claws 1, fangs 3, see invisible, speed 1, shaggy
fur 2, stealthy paws, no weapons or thrown items, no armour, multi-lived
a: Begin Untransformation


You were in an ossuary.
You were a hulking beast.
You visited 1 branch of the dungeon, and saw 4 of its levels.
You also visited: Ossuary.

You collected 225 gold pieces.

Inventory:

Jewellery
 g - an amulet of magic regeneration
 i - a ring of ice
Talismans
 b - a beast talisman
 c - a flux talisman
Wands
 w - a wand of flame (8)
Scrolls
 d - a scroll of immolation {unknown}
 f - 7 scrolls of identify {unknown}
 h - a scroll of brand weapon {unknown}
 l - a scroll of teleportation {unknown}
 m - 2 scrolls of vulnerability {unknown}
 p - a scroll of noise {unknown}
 q - a scroll of amnesia {unknown}
 r - 3 scrolls of fog {unknown}
 s - a scroll of acquirement {unknown}
 v - a scroll of enchant weapon {unknown}
Potions
 a - a potion of lignification
 e - a potion of enlightenment {unknown}
 j - 2 potions of cancellation {unknown}
 k - 3 potions of haste {unknown}
 n - a potion of heal wounds {unknown}
 o - a potion of ambrosia {unknown}
 t - 2 potions of curing {unknown}
 u - a potion of invisibility {unknown}


   Skills:
 + Level 3.5 Fighting
 - Level 3.3 Dodging
 * Level 5.8 Unarmed Combat
 + Level 4.8 Shapeshifting


You had 5 spell levels left.
You didn't know any spells.
Your spell library contained the following spells:

 Spells                   Type           Power      Damage    Failure   Level
 Summon Guardian Golem    Hex/Summ       0%         N/A       69%         3
 Haunt                    Necr/Summ      0%         N/A       100%        7
 Orb of Destruction       Conj           0%         9d5       100%        7
 Spellforged Servitor     Conj/Summ      0%         N/A       100%        7
 Summon Hydra             Summ           0%         N/A       100%        7
 Animate Armour           Summ/Erth      Unusable   N/A       N/A         4

Dungeon Overview and Level Annotations

Branches:
Dungeon (4/15)            Ossuary (1/1)
 Temple: D:4-7

Altars:
Kikubaaqudgha
The Shining One

Annotations:
D:3 2 transporters, THTSBRD's ghost, weakling HOFi


Innate Abilities, Weirdness & Mutations

You are a hulking beast.
Your limbs bulge with bestial killing power. (Slay +2)
You have sharp claws.
You have razor-sharp teeth.
You have supernaturally acute eyesight. (SInv)
You cover ground quickly. (Speed+)
You are covered in thick fur. (AC +2)
Your paws help you pounce on unaware monsters.
You are incapable of wielding weapons or throwing items.
You cannot wear armour.
You gain extra lives every three experience levels.


Message History

You are too injured to fight recklessly!
You are too injured to fight recklessly!
You are too injured to fight recklessly!
You are too injured to fight recklessly!
You are too injured to fight recklessly!
You are too injured to fight recklessly!
You are too injured to fight recklessly!
You are too injured to fight recklessly!
You are too injured to fight recklessly!
You are too injured to fight recklessly!
You claw the wyvern zombie!
The wyvern zombie is lightly damaged.
The wyvern zombie closely misses you.
A bog mummy comes into view.
You scratch the mummy.
The mummy is lightly damaged.
You claw the mummy! You bite the mummy.
The mummy is severely damaged.
You scratch the mummy.
The mummy is severely damaged.
You scratch the mummy but do no damage. You bite the mummy, but do no damage.
The mummy is severely damaged.
The mummy barely misses you.
You barely miss the mummy. You claw the mummy.
The mummy is almost destroyed.
You claw the mummy!
You destroy the mummy!
You completely miss the wyvern zombie.
The wyvern zombie is lightly damaged.
The wyvern zombie bites you!
Ouch! That really hurt!
* * * LOW HITPOINT WARNING * * *
The wyvern zombie closely misses you.
You scratch the wyvern zombie.
The wyvern zombie is moderately damaged.
The wyvern zombie barely misses you.
You claw the wyvern zombie! Your claw misses the wyvern zombie.
The wyvern zombie is heavily damaged.
The wyvern zombie bites you.
You die...

## .#
###+#'#'#~~~
#.'hZ.~M~~~.
###.##~##'##
#.'.# !#
###~# #
#...#
##~~#####'#
#..~~~~~~~~
#~~.#####'#
#P~~#..∩#


You could see a bog mummy and a wyvern zombie.

Vanquished Creatures
  3 bullfrog zombies (Ossuary)
  4 centaur zombies (Ossuary)
  An orc priest (D:4)
  6 mummies (Ossuary)
  A killer bee zombie (Ossuary)
  5 adders
  A worm (D:2)
  A dart slug (D:1)
  2 orcs (D:4)
  9 ball pythons
  4 endoplasms
  7 giant cockroaches
  10 goblins
  6 hobgoblins
  4 jackals (D:1)
  8 kobolds
  2 quokkas
  4 bats
  3 frilled lizards
  2 rats
83 creatures vanquished.

Notes
Turn   | Place    | Note
-------+----------+-------------------------------------------
     0 | D:1      | BigPumpCobain the Felid Shapeshifter began the quest for
                  | the Orb.
     0 | D:1      | Reached XP level 1. HP: 9/9 MP: 2/2
   167 | D:1      | Slain by a kobold
   180 | D:1      | Reached XP level 2. HP: 12/12 MP: 3/3
   552 | D:1      | Reached XP level 3. HP: 15/15 MP: 4/4
  1583 | D:2      | Got the Octavo of Allies
  1957 | D:3      | Reached XP level 4. HP: 17/19 MP: 5/5
  1997 | D:3      | Noticed a gnoll sergeant
  2073 | D:3      | Found an ancient bone altar of Kikubaaqudgha.
  2073 | D:3      | Found a glowing golden altar of the Shining One.
  2106 | D:3      | Reached skill level 4 in Unarmed Combat
  2173 | D:3      | Found a transporter.
  2174 | D:3      | Found a transporter.
  2175 | D:3      | Noticed THTSBRD's ghost (weakling HOFi)
  2671 | D:4      | Reached XP level 5. HP: 15/23 MP: 6/6
  2833 | D:4      | Found a sand-covered staircase.
  2878 | Ossuary  | Entered an ossuary
  2902 | Ossuary  | Slain by a killer bee zombie
  2913 | Ossuary  | Reached skill level 5 in Unarmed Combat
  2946 | Ossuary  | Gained mutation: You are covered in thick fur. (AC +2)
                  | [Felid growth]
  2946 | Ossuary  | Reached XP level 6. HP: 18/27 MP: 7/7
  3169 | Ossuary  | HP: 1/28 [wyvern zombie (15)]
  3171 | Ossuary  | Slain by a wyvern zombie

Illustrated notes

Levels and vault maps discovered:
D:1:      wheals_arrival_linesprint, layout_loops_ring,
          minmay_misc_feat_columns, kennysheep_crisscross
D:2:      layout_loops_ring, serial_forest, infiniplex_forest_straight_4,
          infiniplex_forest_3_way, infiniplex_forest_clump_medium,
          infiniplex_forest_straight_5, infiniplex_forest_straight_5
D:3:      layout_basic, jmf_multi_god_temple, gammafunk_ghost_gnarly_gnolls
D:4:      layout_rooms, ashenzari_altar_1,
          nicolae_ossuary_entry_false_entrances, minmay_fountain_box
Ossuary:  ossuary_zaba_flooded

Skill      XL: |  1  2  3  4  5  6 |
---------------+-------------------+-----
Dodging        | 3 |  3.3
Fighting       | 2 3 |  3.5
Unarmed Combat | 4 5 |  5.8
Shapeshifting  | 4 |  4.8

Action                     |  1- 3 |  4- 6 || total
---------------------------+-------+-------++-------
  Melee: Unarmed           |   104 |   160 ||   264
         Bite              |     7 |    17 ||    24
         Punch             |     1 |     4 ||     5
   Stab: Sleeping          |     6 |     1 ||     7
         Distracted        |       |     1 ||     1
 Armour: Skin              |    32 |    59 ||    91
  Dodge: Dodged            |    76 |   139 ||   215

Table legend: (Time is in decaauts)
 A = Elapsed time spent in this place.
 B = Non-inter-level travel time spent in this place.
 C = Inter-level travel time spent in this place.
 D = Time resting spent in this place.
 E = Time spent auto-exploring this place.
 F = Levels seen in this place.
 G = Mean time per level.
                   A        B        C        D        E       F      G
               +--------+--------+--------+--------+--------+-----+--------+
         Total |   2697 |   2603 |     94 |      0 |   2109 |   5 |  539.4 |
       Dungeon |   2415 |   2321 |     94 |      0 |   1943 |   4 |  603.8 |
       Ossuary |    281 |    281 |      0 |      0 |    165 |   1 |  281.0 |
               +--------+--------+--------+--------+--------+-----+--------+

Top non-repeatable levels by time:
     D:1: 796 daAuts
     D:2: 715 daAuts
     D:3: 614 daAuts
     D:4: 289 daAuts
 Ossuary: 281 daAuts
